Map: Oxide LE

Players

uThermal

  • Race: Terran Terran

DnS - Winner!

  • Race: Protoss Protoss

Event: DreamHack SC2 Masters 2021 Winter

VOD

Have the link to the VOD?

Description

Time

  • Played on: Oct. 5, 2021, 11:02 a.m.
  • Length: 8:31

All games in this series

Show
View Real Time Build Order
Export as new Build Order

uThermal Terran 

Build Orders:  

Get SALT Encoding   

  12  0:00  SCV  
  13  0:12  SCV  
  14  0:17  Supply Depot  
  14  0:24  SCV  
  15  0:38  SCV  
  15  0:40  Barracks  
  15  0:42  Refinery  
  16  0:50  SCV  
  16  0:52  Refinery  
  17  1:02  SCV  
  18  1:15  SCV  
  19  1:29  Reaper  
  19  1:30  Orbital Command  
  19  1:31  Supply Depot  
  20  1:41  Factory  
  20  1:55  SCV  
  21  2:01  Reaper  
  21  2:07  SCV  
  23  2:19  SCV  
  23  2:22  Command Center  
  24  2:27  Hellion  
  26  2:31  SCV  
  26  2:34  Barracks Reactor  
  27  2:43  SCV  
  28  2:45  Starport  
  28  2:51  Supply Depot  
  28  2:54  Widow Mine  
  28  2:57  SCV  
  31  3:12  Marine x2  
  31  3:13  SCV  
  31  3:15  Widow Mine  
  36  3:22  Medivac  
  36  3:25  SCV  
  37  3:30  Marine  
  37  3:31  Marine  
  39  3:34  Orbital Command  
  39  3:37  Factory Tech Lab  
  39  3:40  SCV  
  40  3:42  Bunker  
  40  3:50  Marine  
  43  3:58  Marine  
  43  3:59  SCV  
  43  4:02  SCV  
  43  4:03  Raven  
  43  4:04  Factory Tech Lab  
  43  4:07  Barracks  
  45  4:10  Marine  
  45  4:11  SCV  
  45  4:16  Marine, Supply Depot  
  48  4:18  SCV  
  49  4:25  Siege Tank  
  49  4:27  SCV, Supply Depot  
  49  4:28  Marine  
  54  4:38  SCV  
  55  4:39  SCV, Barracks  
  55  4:43  Engineering Bay, Marine  
  57  4:46  Marine  
  57  4:50  SCV  
  57  4:51  SCV  
  60  4:53  Refinery  
  60  4:57  Siege Tank  
  63  5:01  Marine, Supply Depot  
  63  5:02  Marine  
  63  5:05  Stimpack  
  65  5:07  SCV  
  65  5:09  SCV, Marine  
  65  5:14  Terran Infantry Weapons Level 1  
  68  5:18  Supply Depot  
  68  5:20  Marauder  
  70  5:23  SCV, Marine  
  70  5:24  SCV  
  73  5:33  Marine  
  73  5:35  Starport Reactor, SCV  
  75  5:36  Marine  
  75  5:37  SCV  
  75  5:41  Factory Reactor, Marine, Supply Depot  
  77  5:44  Combat Shield  
  77  5:47  SCV  
  77  5:49  Marauder  
  80  5:50  SCV, Supply Depot  
  80  5:51  Marine  
  81  5:57  Marauder  
  81  6:01  Marine  
  81  6:03  Supply Depot  
  81  6:04  SCV  
  85  6:05  SCV  
  86  6:11  Marine  
  86  6:12  Medivac, Marauder  
  86  6:14  Medivac  
  86  6:17  Supply Depot  
  93  6:21  Marine  
  93  6:22  Marauder  
  93  6:24  Widow Mine x2  
  100  6:35  Marine  
  100  6:36  Command Center  
  100  6:37  Marauder  
  103  6:41  Marine  
  103  6:43  Marauder  
  103  6:44  Supply Depot  
  103  6:45  Medivac  
  108  6:51  Widow Mine  
  108  6:53  Widow Mine  
  112  6:54  Marine  
  112  6:55  Concussive Shells  
  112  6:56  Supply Depot  
  113  7:03  Barracks  
  113  7:04  Marauder  
  113  7:05  Barracks  
  115  7:11  Medivac  
  115  7:12  Marine x2  
  115  7:13  Marauder  
  121  7:19  Widow Mine, Missile Turret  
  121  7:20  Widow Mine  
  125  7:25  Marine, Refinery  
  125  7:26  SCV, Missile Turret  
  127  7:32  Marine  
  127  7:34  Marauder  
  127  7:35  SCV  
  129  7:39  Medivac  
  129  7:40  Hellion  
  129  7:47  Medivac  
  131  7:56  Marine x2  
  131  7:57  Marauder x2  
  131  7:58  SCV  
  119  8:01  Widow Mine  
  119  8:02  SCV  
  104  8:06  Widow Mine, Marine  
  104  8:10  SCV  
  104  8:12  Marine  
  99  8:18  SCV  
Show
View Real Time Build Order
Export as new Build Order

DnS Protoss - Winner!

Build Orders: 1 Gate Expand, Blink Stalkers, Zealot Archon 

Get SALT Encoding   

  12  0:00  Probe  
  13  0:12  Probe  
  14  0:17  Pylon  
  14  0:24  Probe (Chrono Boost)  
  15  0:36  Probe (Chrono Boost)  
  15  0:37  Gateway  
  16  0:44  Probe (Chrono Boost)  
  16  0:46  Assimilator  
  17  0:50  Probe  
  18  1:03  Probe  
  19  1:15  Probe  
  20  1:23  Cybernetics Core  
  20  1:34  Nexus  
  20  1:35  Probe  
  21  1:42  Pylon  
  21  1:47  Probe  
  21  1:52  Assimilator  
  22  1:57  Adept (Chrono Boost)  
  22  1:59  Probe  
  25  2:01  Warp Gate  
  25  2:11  Probe  
  26  2:20  Stalker  
  28  2:23  Probe (Chrono Boost)  
  29  2:33  Probe (Chrono Boost)  
  30  2:37  Twilight Council  
  30  2:40  Probe (Chrono Boost)  
  31  2:46  Probe (Chrono Boost)  
  31  2:50  Stalker  
  35  2:55  Probe x2 (Chrono Boost)  
  35  2:58  Shield Battery  
  36  3:00  Probe (Chrono Boost)  
  36  3:02  Probe  
  38  3:06  Blink (Chrono Boost)  
  38  3:12  Probe  
  39  3:13  Gateway  
  39  3:23  Probe  
  40  3:28  Probe  
  40  3:32  Robotics Facility  
  41  3:35  Probe  
  41  3:40  Probe  
  43  3:57  Probe x2  
  43  3:58  Nexus  
  43  4:02  Pylon  
  43  4:03  Stalker  
  43  4:09  Probe  
  46  4:13  Pylon  
  46  4:14  Pylon  
  46  4:15  Pylon  
  46  4:18  Assimilator  
  46  4:20  Assimilator, Observer, Probe  
  46  4:21  Probe, Stalker  
  51  4:29  Stalker  
  51  4:30  Pylon  
  53  4:32  Probe  
  53  4:33  Probe  
  55  4:39  Gateway  
  55  4:41  Observer  
  55  4:44  Probe, Gateway  
  55  4:45  Probe  
  58  4:49  Charge  
  58  4:56  Observer, Probe  
  58  4:57  Probe  
  58  4:58  Stalker  
  63  5:08  Probe  
  63  5:09  Probe  
  63  5:10  Observer  
  63  5:11  Probe  
  63  5:14  Templar Archives  
  65  5:16  Pylon  
  65  5:20  Probe  
  66  5:21  Probe  
  66  5:23  Observer, Probe  
  66  5:26  Gateway  
  66  5:27  Gateway  
  68  5:29  Gateway  
  68  5:31  Psionic Storm  
  68  5:32  Probe  
  68  5:34  Stalker  
  71  5:36  Gateway  
  71  5:44  Probe  
  71  5:45  Probe x2  
  74  5:56  High Templar, Probe  
  77  5:57  Probe x2  
  78  6:08  Probe  
  79  6:12  High Templar  
  79  6:14  Probe x2  
  79  6:15  Shield Battery  
  83  6:19  Shield Battery, Zealot x2  
  83  6:20  Shield Battery, Probe  
  83  6:21  Pylon  
  88  6:26  Probe  
  88  6:29  Forge, Shield Battery  
  88  6:30  Pylon  
  89  6:33  High Templar, Observer  
  89  6:34  High Templar, Zealot x3  
  89  6:38  Assimilator, Probe x2  
  101  6:41  Probe  
  101  6:42  Assimilator  
  101  6:45  Stalker  
  104  6:50  Probe x2  
  104  6:53  Pylon  
  106  6:58  Observer  
  106  7:00  Pylon  
  106  7:02  Pylon  
  106  7:04  Photon Cannon  
  106  7:06  Photon Cannon  
  106  7:09  High Templar, Zealot x2  
  106  7:12  Immortal (Chrono Boost)  
  116  7:22  Zealot  
  116  7:23  Zealot x3  
  116  7:26  Zealot  
  115  7:47  Immortal  
  115  7:49  High Templar x2, Zealot x3  
  115  7:50  Zealot x3  
  135  7:56  Archon  
  122  8:11  Stalker x4  
  120  8:12  Probe  
  120  8:13  Probe  
  120  8:16  Pylon  
  121  8:20  Templar Archives  

Tags
 
Add a new tag
Caveats
  • Supply blocks, unpowered buildings, or Contaminate may cause inaccurate times.
  • Supply counts are checked every 10 seconds.